Map: [ESL] Alcyone

Players

DKZherO (herO) - Winner!

  • Race: Protoss Protoss
  • League: Grandmaster
  • Spawn Location: 7:00

ByuN

  • Race: Terran Terran
  • Spawn Location: 1:00

VOD

Have the link to the VOD?

Description

Time

  • Played on: Nov. 28, 2023, 8:53 a.m.
  • Length: 6:36
Show
View Real Time Build Order
Export as new Build Order

DKZherO Protoss - Winner!

Build Orders: 1 Gate Expand, Blink Stalkers 

Get SALT Encoding   

  12  0:00  Probe  
  13  0:12  Probe  
  14  0:19  Pylon  
  14  0:24  Probe  
  15  0:37  Gateway  
  15  0:38  Probe (Chrono Boost)  
  16  0:45  Assimilator  
  17  0:50  Probe (Chrono Boost)  
  17  0:56  Probe (Chrono Boost)  
  18  1:04  Probe  
  18  1:16  Probe  
  19  1:24  Cybernetics Core  
  19  1:35  Nexus  
  19  1:42  Pylon  
  19  1:44  Probe  
  20  1:50  Assimilator  
  20  1:56  Probe  
  20  1:58  Adept (Chrono Boost)  
  23  2:01  Warp Gate  
  23  2:08  Probe  
  24  2:18  Adept (Chrono Boost)  
  24  2:20  Probe  
  27  2:30  Twilight Council  
  27  2:32  Probe  
  28  2:40  Adept  
  30  2:44  Probe  
  30  2:47  Probe  
  32  2:58  Blink (Chrono Boost)  
  32  3:00  Probe x2  
  34  3:12  Gateway  
  34  3:18  Probe  
  34  3:19  Probe  
  36  3:24  Robotics Facility  
  36  3:28  Gateway  
  36  3:34  Probe x2  
  36  3:39  Gateway  
  38  3:50  Stalker  
  38  3:51  Probe x2  
  42  3:58  Pylon  
  42  4:03  Probe x2  
  42  4:13  Warp Prism (Chrono Boost), Stalker x2  
  46  4:20  Probe x2  
  48  4:25  Stalker  
  50  4:38  Stalker x2  
  53  4:40  Probe  
  53  4:42  Pylon  
  54  4:47  Shield Battery  
  54  4:51  Assimilator  
  54  5:04  Stalker x4  
  62  5:08  Pylon  
  62  5:10  Shield Battery  
  62  5:27  Probe x2  
  64  5:29  Stalker x3  
  70  5:39  Probe  
  63  5:54  Stalker x3  
  63  5:56  Probe  
  70  6:00  Probe  
  70  6:02  Pylon  
  64  6:12  Probe  
  64  6:13  Probe  
  64  6:17  Stalker x2  
  64  6:18  Stalker  
Show
View Real Time Build Order
Export as new Build Order

ByuN Terran 

Build Orders:  

Get SALT Encoding   

  12  0:01  SCV  
  13  0:13  SCV  
  14  0:17  Supply Depot  
  14  0:25  SCV  
  15  0:38  SCV  
  15  0:39  Barracks  
  16  0:43  Refinery  
  16  0:50  SCV  
  17  1:03  SCV  
  18  1:15  SCV  
  19  1:27  Orbital Command  
  20  1:38  Command Center  
  19  1:43  Marine  
  20  1:53  Factory  
  20  1:57  SCV  
  21  2:01  Barracks Reactor  
  21  2:04  Refinery  
  21  2:09  SCV  
  21  2:14  Supply Depot  
  22  2:21  SCV  
  23  2:36  Hellion, SCV  
  26  2:37  Starport  
  26  2:38  Marine  
  26  2:40  Marine  
  28  2:48  SCV  
  28  2:51  Orbital Command  
  29  2:56  Marine  
  29  2:57  Marine  
  31  3:03  SCV  
  31  3:09  Cyclone  
  32  3:15  Marine, SCV  
  32  3:16  Marine  
  34  3:24  Medivac  
  34  3:26  SCV  
  34  3:28  SCV  
  34  3:33  Marine  
  36  3:34  Marine  
  36  3:39  SCV  
  36  3:40  SCV  
  39  3:42  Factory Tech Lab  
  39  3:49  Supply Depot  
  39  3:51  Marine, SCV  
  39  3:52  Marine  
  39  3:53  SCV  
  39  3:55  Starport Tech Lab  
  43  4:03  Siege Tank  
  43  4:05  SCV  
  43  4:08  SCV  
  46  4:11  Marine x2  
  46  4:16  Raven  
  50  4:17  SCV  
  50  4:20  Supply Depot, SCV  
  52  4:25  Barracks  
  52  4:29  Marine, SCV  
  54  4:38  Supply Depot  
  54  4:40  Bunker  
  54  4:41  Marine, SCV, Siege Tank  
  59  4:45  SCV  
  60  4:53  SCV, Refinery  
  60  4:57  SCV  
  62  5:00  Marine x2  
  62  5:06  SCV  
  65  5:10  SCV  
  65  5:11  Supply Depot  
  65  5:14  Siege Tank  
  69  5:16  Barracks  
  69  5:18  SCV  
  69  5:21  Engineering Bay  
  70  5:22  Marine  
  70  5:25  Marine x2  
  70  5:28  SCV  
  68  5:30  SCV  
  68  5:40  SCV  
  68  5:42  SCV  
  62  5:43  Marine  
  62  5:47  Factory Tech Lab  
  62  5:48  Marine x2  
  58  5:52  SCV  
  58  5:54  SCV  
  59  6:01  Marine  
  58  6:04  SCV  
  58  6:06  SCV  
  54  6:16  SCV  
  52  6:18  SCV  
Tags
 
Composition
Blink Stalkers
Matchup
PvT
Player
ByuNherO
Replay Pack
December 2023
Spawn Locations
Cross Positions
Add a new tag
Caveats
  • Supply blocks, unpowered buildings, or Contaminate may cause inaccurate times.
  • Supply counts are checked every 10 seconds.